AoeStats
← SSBARTO EL MANO LARGA

Arena

510260983Analyzed
4v4 RM · 9h ago on Sep 30, 2026· 24m 51s· 8 players
Game mode
Random Map
Map size
Large (8 player)
Population
200
Speed
Normal
Resources
Standard
Victory
Conquest
Starting age
Dark Age
Ending age
Imperial Age
RankedLock teamsTeams togetherTeam positionsShared explorationLock speedFull tech treeHidden civsTurbo modeCheats
Victory
Defeat
🇲🇽 Gurjaras · Mexico
1605
+11
🇲🇽 Bohemians · Mexico
1534
+14
🇹🇼 Cumans · Taiwan
1467
+17
🇭🇳 Spanish · Honduras
1383
+20
🇨🇳 Khmer · China
1600
-21
🇨🇳 Georgians · China
1503
-16
🇭🇰 Mongols · Hong Kong SAR China
1459
-14
🇨🇳 Spanish · China
1368
-11
白色风车
10:25 Feudal Age
14:21 Castle Age
12:53 Double-Bit Axe
20:26 Horse Collar
22:34 Loom
24:12 Wheelbarrow
Dalao
10:19 Feudal Age
13:52 Castle Age
11:59 Double-Bit Axe
13:52 Horse Collar
21:07 Scale Mail Armor
23:34 Wheelbarrow
22:45 Loom
23:19 Pikeman
23:44 Arson
24:10 Forging
24:16 Chain Mail Armor
大平果是小菜鸡父亲
9:18 Feudal Age
13:16 Castle Age
11:45 Double-Bit Axe
12:46 Horse Collar
19:40 Bow Saw
19:26 Town Watch
21:53 Wheelbarrow
23:49 Hand Cart
23:45 Gold Mining
班长
10:34 Feudal Age
15:12 Castle Age
14:00 Double-Bit Axe
14:02 Horse Collar
16:19 Bow Saw
19:23 Gold Mining
21:16 Fletching
Wazded
9:34 Feudal Age
10:38 Double-Bit Axe
13:45 Castle Age
12:01 Horse Collar
16:45 Loom
18:55 Town Watch
20:48 Wheelbarrow
22:18 Hand Cart
23:21 Bow Saw
23:13 Heavy Plow
24:14 Gold Mining
24:16 Stone Mining
SSBARTO EL MANO LARGA
11:23 Feudal Age
15:17 Castle Age
13:08 Double-Bit Axe
14:41 Horse Collar
14:59 Fletching
15:43 Loom
17:35 Bow Saw
20:25 Fervor
24:44 Heavy Plow
Francisco Morazán
7:44 Loom
11:01 Feudal Age
14:32 Castle Age
13:35 Double-Bit Axe
15:14 Horse Collar
feely
5:15 Loom
8:48 Feudal Age
9:20 Double-Bit Axe
9:27 Horse Collar
19:49 Castle Age
19:01 Wheelbarrow
19:41 Scale Barding Armor
20:04 Gold Mining
20:33 Bloodlines
20:45 Bow Saw
22:34 Town Watch
24:50 Chain Barding Armor
Connection lost

Rejoining the realm…

Still unreachable

The connection could not be restored.

Session expired

The server has moved on; the page needs a fresh start.